 Dungeon Crawl Stone Soup version 0.18-a0-844-g9229740 (webtiles) character file.

102 tof the Insei (level 4, -1/31 HPs)
             Began as an Octopode Monk on Dec 19, 2015.
             Slain by Crazy Yiuf
             ... wielding a +4 quarterstaff of chaos
              (3 damage)
             ... on level 2 of the Dungeon.
             The game lasted 00:10:40 (2275 turns).

tof the Insei (Octopode Monk)                       Turns: 2275, Time: 00:10:41

Health: -1/31      AC:  1    Str: 10    XL:     4   Next: 77%
Magic:  0/4        EV: 14    Int: 17    God:
Gold:   95         SH:  0    Dex: 15    Spells: 0 memorised, 3 levels left

rFire  . . .     SeeInvis .     a - +0 hand axe
rCold  . . .     Gourm    .     (no shield)
rNeg   . . .     Faith    .     (helmet restricted)
rPois  .         Spirit   .     (no amulet)
rElec  .         Dismiss  .     (no ring)
rCorr  .         Reflect  .     (no ring)
SustAt .         Harm     .     (no ring)
MR     .....                    (no ring)
Stlth  ++++......               (no ring)
                                (no ring)
                                (no ring)
                                (no ring)

@: brilliant, lethally poisoned (-1 -> -13), not resistant to hostile
enchantments, stealthy
A: almost no armour, amphibious, 8 rings, constrict 8, camouflage 1, gelatinous
body 1
a: no special abilities


You were on level 2 of the Dungeon.
You were not hungry.

You visited 1 branch of the dungeon, and saw 2 of its levels.

You collected 95 gold pieces.

Inventory:

Hand Weapons
 a - a +0 hand axe (weapon)
 b - a +0 hunting sling
Missiles
 e - 8 tomahawks
 j - 5 needles of paralysis
 m - 17 stones (quivered)
Jewellery
 c - an uncursed amulet of faith {unknown}
Scrolls
 i - a scroll of enchant armour {unknown}
 l - 2 scrolls of teleportation {unknown}
 n - a scroll of enchant weapon {unknown}
 o - a scroll of identify {unknown}
Potions
 d - a potion of brilliance
 k - a potion of invisibility {unknown}
 p - 2 potions of curing {unknown}
 q - a potion of ambrosia {unknown}
 r - a potion of degeneration {unknown}
 t - a potion of poison {unknown}
Comestibles
 f - 3 fruits
 g - a meat ration
 h - 5 bread rations
 s - 2 chunks of flesh


   Skills:
 + Level 3.1 Fighting
 + Level 0.6 Axes
 + Level 1.5 Slings
 + Level 3.7 Dodging
 + Level 4.0 Stealth
 + Level 4.4 Unarmed Combat


You had 3 spell levels left.
You didn't know any spells.

Dungeon Overview and Level Annotations

Branches:
Dungeon (2/15)

Altars:
Trog
Xom

Annotations:
D:2 Crazy Yiuf


Innate Abilities, Weirdness & Mutations

You cannot wear most types of armour.
You are amphibious.
You can wear up to eight rings at the same time.
You can use your tentacles to constrict eight enemies at once.
Your skin changes colour to match your surroundings (Stealth).
Your rubbery body absorbs attacks (AC +1).


Message History

You hit Crazy Yiuf.
You squeeze Crazy Yiuf, but do no damage.
Crazy Yiuf is heavily wounded.
You constrict Crazy Yiuf.
Crazy Yiuf hits you with a quarterstaff of chaos!
You feel your power leaking away.
You hit Crazy Yiuf but do no damage.
Crazy Yiuf is severely wounded.
You constrict Crazy Yiuf.
Crazy Yiuf hits you with a quarterstaff of chaos!
* * * LOW HITPOINT WARNING * * *
You are lethally poisoned!
Drink which item? (? for menu, Esc to quit)
It was a potion of brilliance.
You feel clever all of a sudden.
You constrict Crazy Yiuf.
* * * LOW HITPOINT WARNING * * *
You feel sick.
Crazy Yiuf hits you with a quarterstaff of chaos.
You die...

##.......#.##......# #.......
#..........##....#######.......
+...................)..........
#...........###..######........
#.......#### #### #.......#
##.....## #.......# ##...##
##### ###...### ##'## #)g.#
#...# #.# #.@.# ##.## #.# #...#
#.# ##.## ##.## #.#### ##...###
♣.♣♣ #..... #......# ♣♣.♣
###### #....### ♣.♣♣
#####.#....# ♣♣.♣ ........####
♣♣.♣♣ #####.#.# ♣♣...♣ ######


You could see Crazy Yiuf.

Vanquished Creatures
  Ijyb (D:2)
  2 adders (D:2)
  An ooze (D:2)
  A worm (D:2)
  2 giant geckos (D:1)
  4 giant cockroaches
  7 goblins
  6 hobgoblins (D:1)
  9 jackals (D:2)
  4 bats
  2 giant newts (D:1)
  6 kobolds
  2 rats
47 creatures vanquished.

Notes
Turn   | Place    | Note
--------------------------------------------------------------
     0 | D:1      | tof the Octopode Monk began the quest for the Orb.
     0 | D:1      | Reached XP level 1. HP: 16/16 MP: 1/1
   109 | D:1      | Reached XP level 2. HP: 19/21 MP: 2/2
   146 | D:1      | Found a shimmering altar of Xom.
   554 | D:1      | Reached XP level 3. HP: 22/26 MP: 3/3
  1673 | D:2      | Noticed Ijyb
  1685 | D:2      | Reached XP level 4. HP: 22/31 MP: 4/4
  1824 | D:2      | Reached skill level 1 in Slings
  1911 | D:2      | Killed Ijyb
  2096 | D:2      | Found a bloodstained altar of Trog.
  2266 | D:2      | Noticed Crazy Yiuf
  2275 | D:2      | Slain by Crazy Yiuf

Vault maps used:
D:1:      scummos_arrival_simple_fountains, minmay_tree_intersection,
          xom_teletrap_fun
D:2:      lemuel_round_altar, first_bread, ecumenical_altar_1, uniq_jessica,
          uniq_iyjb, uniq_crazy_yiuf_cottage

Action                   |  1- 3 |  4- 6 || total
-------------------------+-------+-------++-------
Melee: Unarmed           |    16 |       ||    16
       Hand axe          |    51 |    20 ||    71
 Fire: Hunting sling     |    33 |    10 ||    43
Throw: Tomahawk          |     1 |       ||     1
  Use: Potion            |       |     1 ||     1
 Stab: Sleeping          |     5 |     2 ||     7
  Eat: Chunk             |     1 |     2 ||     3
       Fruit             |     1 |       ||     1
